Map: Blackpink LE

Players

SpeCial - Winner!

  • Race: Terran Terran
  • League: Master
  • Spawn Location: 7:00

Scarlett

  • Race: Zerg Zerg
  • League: Master
  • Spawn Location: 1:00

VOD

Have the link to the VOD?

Description

Time

  • Played on: Dec. 23, 2017, 10:14 p.m.
  • Length: 9:03
Show
View Real Time Build Order
Export as new Build Order

SpeCial Terran - Winner!

Build Orders: Hellion Opening 

Get SALT Encoding   

  12  0:00  SCV  
  13  0:12  SCV  
  14  0:16  Supply Depot  
  14  0:24  SCV  
  15  0:38  SCV  
  15  0:40  Barracks  
  16  0:43  Refinery  
  16  0:50  SCV  
  17  1:02  SCV  
  18  1:14  SCV  
  19  1:28  Orbital Command, Marine  
  20  1:39  Command Center  
  20  1:48  Marine  
  20  1:53  Factory  
  21  1:58  SCV  
  22  2:04  Supply Depot  
  22  2:08  Barracks Reactor  
  22  2:11  SCV  
  23  2:16  Refinery  
  23  2:26  SCV  
  24  2:38  SCV  
  25  2:47  Hellion  
  25  2:48  Hellion  
  25  2:50  SCV  
  30  2:52  Orbital Command, Armory  
  30  2:55  Reaper  
  31  3:02  SCV  
  32  3:08  Hellion  
  32  3:09  Hellion  
  36  3:14  SCV  
  36  3:18  SCV  
  38  3:23  Supply Depot  
  38  3:26  SCV  
  39  3:30  SCV  
  39  3:36  Hellion x2  
  39  3:38  SCV  
  39  3:40  Terran Vehicle Weapons Level 1  
  44  3:42  SCV  
  44  3:46  Supply Depot  
  45  3:50  SCV  
  45  3:54  SCV  
  47  3:58  Hellion x2  
  52  4:02  SCV  
  52  4:07  SCV  
  52  4:15  SCV  
  53  4:19  Command Center, Hellion x6  
  53  4:22  Hellion x2  
  53  4:23  SCV  
  58  4:30  Barracks Reactor  
  58  4:32  Factory  
  58  4:33  SCV  
  58  4:35  SCV  
  60  4:39  Supply Depot  
  60  4:47  Cyclone  
  60  4:52  Supply Depot  
  62  4:53  Refinery  
  62  5:01  Cyclone, SCV x2  
  62  5:02  Supply Depot  
  67  5:11  Refinery  
  67  5:13  SCV x2  
  72  5:21  Cyclone  
  72  5:23  Supply Depot  
  72  5:25  Cyclone, SCV x2  
  77  5:29  Cyclone  
  77  5:32  Orbital Command  
  77  5:33  Cyclone  
  83  5:38  SCV x2  
  83  5:41  Supply Depot  
  85  5:50  SCV x2  
  85  5:53  Cyclone  
  90  5:57  Cyclone  
  90  6:01  Cyclone  
  95  6:09  Cyclone, Supply Depot  
  95  6:10  Supply Depot  
  94  6:12  SCV x2  
  94  6:16  SCV  
  77  6:29  Cyclone  
  77  6:31  SCV  
  81  6:38  Cyclone  
  82  6:40  SCV x2  
  88  6:47  Hellion x2, SCV  
  88  6:48  Supply Depot  
  88  6:52  SCV x2  
  91  6:58  Supply Depot  
  91  6:59  SCV  
  91  7:00  Supply Depot  
  92  7:04  SCV x2  
  94  7:08  Cyclone  
  94  7:11  SCV  
  94  7:14  Factory  
  95  7:16  SCV x2  
  95  7:21  Refinery  
  95  7:22  Refinery  
  97  7:23  SCV  
  97  7:24  Supply Depot  
  97  7:25  Hellion x2  
  97  7:28  Hellion, SCV x2  
  106  7:32  Factory  
  106  7:36  SCV  
  107  7:40  SCV x2  
  108  7:46  Hellion x2  
  108  7:48  SCV  
  110  7:52  SCV x2  
  103  8:00  SCV  
  103  8:02  Factory Tech Lab  
  103  8:03  Hellion  
  103  8:04  SCV  
  103  8:05  SCV  
  105  8:12  SCV  
  95  8:17  SCV x2  
  95  8:19  Hellion x2  
  88  8:20  Hellion  
  88  8:24  SCV  
  83  8:27  Factory, Siege Tank, Factory Tech Lab  
  83  8:29  Hellion, SCV x2  
  90  8:36  SCV  
  90  8:41  SCV x2  
  93  8:44  Supply Depot  
  99  8:48  SCV  
Show
View Real Time Build Order
Export as new Build Order

Scarlett Zerg 

Build Orders: Hatch First 

Get SALT Encoding   

  12  0:01  Drone  
  13  0:13  Overlord  
  13  0:17  Drone  
  14  0:31  Drone x2  
  17  0:35  Drone  
  17  0:51  Hatchery  
  17  0:54  Drone  
  17  0:57  Drone  
  18  1:04  Extractor  
  17  1:12  Spawning Pool  
  17  1:15  Drone  
  17  1:19  Drone  
  18  1:29  Drone  
  19  1:40  Overlord  
  19  1:50  Drone  
  20  1:59  Queen  
  20  2:01  Zergling x2  
  23  2:02  Queen  
  23  2:03  Zergling x2  
  23  2:06  Metabolic Boost  
  26  2:14  Drone x2  
  28  2:23  Overlord  
  28  2:37  Overlord  
  28  2:41  Queen  
  28  2:42  Queen  
  28  2:43  Drone  
  33  2:44  Drone  
  33  2:47  Drone  
  33  2:49  Drone  
  36  2:58  Drone  
  37  2:59  Drone  
  38  3:05  Drone  
  38  3:06  Drone  
  38  3:07  Drone x2  
  38  3:08  Drone  
  38  3:12  Drone  
  44  3:17  Pneumatized Carapace  
  44  3:26  Hatchery  
  41  3:35  Drone x2  
  41  3:36  Roach Warren  
  41  3:39  Drone x2  
  44  3:43  Extractor x2, Zergling x2  
  44  3:44  Zergling x2  
  44  3:52  Extractor, Drone  
  44  3:53  Overlord  
  44  4:08  Drone  
  44  4:09  Drone  
  44  4:12  Overlord  
  44  4:15  Overlord  
  44  4:16  Roach x2  
  48  4:22  Roach x2  
  51  4:29  Lair  
  51  4:30  Overlord, Queen  
  53  4:36  Evolution Chamber  
  53  4:39  Drone x3  
  53  4:40  Roach  
  57  4:50  Roach x2  
  62  5:00  Roach x4  
  62  5:06  Queen  
  70  5:11  Overlord  
  70  5:19  Zergling x4  
  72  5:22  Zergling x2  
  72  5:24  Hatchery  
  72  5:27  Overlord  
  72  5:31  Overseer  
  72  5:33  Ravager x4  
  72  5:34  Ravager  
  72  5:35  Ravager  
  78  5:37  Zergling x2  
  78  5:39  Zergling x2  
  78  5:42  Zergling x2  
  81  5:46  Ravager  
  81  5:47  Ravager  
  83  5:50  Zergling x2  
  83  5:51  Zergling x4  
  83  5:54  Zergling x2  
  77  6:24  Glial Reconstitution  
  72  6:25  Drone  
  72  6:26  Zerg Missile Weapons Level 1  
  72  6:28  Drone x5  
  72  6:31  Ravager x2  
  79  6:45  Drone  
  79  6:46  Drone x4  
  84  6:50  Queen  
  84  6:51  Overlord, Queen  
  88  6:56  Overlord x2  
  88  6:59  Evolution Chamber  
  87  7:07  Drone x6  
  89  7:14  Drone  
  90  7:18  Drone  
  90  7:19  Drone x2  
  90  7:21  Queen  
  95  7:27  Drone  
  95  7:28  Drone, Queen  
  99  7:33  Roach x4  
  107  7:40  Roach x2  
  107  7:43  Roach  
  104  7:52  Roach x2, Queen  
  98  8:00  Roach, Zergling x6  
  98  8:01  Zergling x2  
  98  8:05  Roach, Zergling x8  
  96  8:12  Drone x2  
  77  8:22  Hatchery  
  74  8:38  Drone  
  74  8:39  Spire  
  74  8:40  Hatchery  
  73  8:44  Drone  
  73  8:45  Drone x3  
Tags
 
Add a new tag
Caveats
  • Supply blocks, unpowered buildings, or Contaminate may cause inaccurate times.
  • Supply counts are checked every 10 seconds.